 Dungeon Crawl Stone Soup version 0.31-a0-187-gba352fbbf7 (webtiles) character file.

Game seed: 6409564435220671603

4536 qw the Markself (level 10, -1/60 HPs)
             Began as a Deep Elf Hunter on June 22, 2023.
             Was a Follower of Okawaru.
             Succumbed to a killer bee's poison
             ... on level 9 of the Dungeon.
             The game lasted 00:04:26 (8589 turns).

qw the Markself (Deep Elf Hunter)                   Turns: 8589, Time: 00:04:26

Health: -1/60      AC: 13    Str: 12    XL:     10   Next: 17%
Magic:  15/15      EV: 15    Int: 15    God:    Okawaru [*.....]
Gold:   376        SH:  0    Dex: 18    Spells: 9/9 levels left

rFire   + . .        Y - +1 shortbow
rCold   . . .        (shield currently unavailable)
rNeg    . . .        d - +2 ring mail {rF+}
rPois   .            (no helmet)
rElec   .            g - +0 cloak
rCorr   .            m - +0 pair of gloves
SInv    +            (no boots)
Will    +....        (no amulet) Stlth
                     j - ring of see invisible
HPRegen 0.30/turn    i - +4 ring of protection
MPRegen 0.14/turn

%: no passive effects
@: lethally poisoned (-1 -> -6), silenced (expiring)
A: no striking features
a: Renounce Religion


You were on level 9 of the Dungeon.
You worshipped Okawaru.
Okawaru was aware of your devotion.
You visited 2 branches of the dungeon, and saw 10 of its levels.

You collected 376 gold pieces.


   Skills:
 - Level 6.0 Fighting
 - Level 16.1 Ranged Weapons
 - Level 3.1 Armour
 + Level 8.2 Dodging
 - Level 1.2 Stealth
 - Level 4.0 Invocations


You had 9 spell levels left.
You didn't know any spells.
Your spell library was empty.

Inventory:

Hand Weapons
 Y - a +1 shortbow (weapon)
Armour
 d - a +2 ring mail of fire resistance (worn)
 g - a +0 cloak (worn)
 m - a +0 pair of gloves (worn)
Jewellery
 e - a ring of positive energy
 i - a +4 ring of protection (right hand)
 j - a ring of see invisible (left hand)
Scrolls
 a - 2 scrolls of identify
 f - a scroll of teleportation
Potions
 b - a potion of enlightenment
 h - a potion of mutation
 n - a potion of curing

Dungeon Overview and Level Annotations

Branches:
Dungeon (9/15)             Temple (1/1) D:6
   Lair: D:8-11         Orc: D:9-12

Altars:
Ashenzari
Cheibriados
Dithmenos
Elyvilon
Fedhas
Gozag
Hepliaklqana
Kikubaaqudgha
Makhleb
Nemelex Xobeh
Okawaru
Qazlal
Ru
Sif Muna
Trog
Uskayaw
Vehumet
Wu Jian
Xom
Yredelemnul
Zin

Annotations:
D:8 3 runed translucent doors, qw's ghost, novice DEHu


Message History

You shoot an arrow. The arrow barely misses the orc priest.
The arrow hits the orc warrior but does no damage.
The orc warrior is moderately wounded.
You feel sick. The killer bee closely misses you.
You shoot an arrow. The arrow hits the orc priest.
You kill the orc priest!
Okawaru accepts your kill.
You feel sick. The killer bee closely misses you. x2
You shoot an arrow. The arrow hits the orc warrior.
The orc warrior is heavily wounded.
You feel sick.
The killer bee stings you but does no damage.
The orc warrior hits you with a +0 long sword!
The killer bee closely misses you.
8585 ||| DRINKING potion of heal wounds.
You feel much better.
You feel sick. The killer bee stings you! The orc warrior misses you.
The killer bee stings you.
You shoot an arrow.
The arrow hits the orc warrior but does no damage.
The orc warrior is heavily wounded.
You feel sick. The killer bee misses you.
The orc warrior hits you with a +0 long sword!
The killer bee stings you!
You shoot an arrow. The arrow hits the orc warrior.
The orc warrior is heavily wounded.
You feel sick. The killer bee closely misses you.
The orc warrior barely misses you.
You shoot an arrow. The arrow hits the orc warrior.
The orc warrior is severely wounded.
You feel sick.
You are no longer poisoned.
The killer bee stings you.
You are poisoned.
The killer bee poisons you! The killer bee stings you.
The orc warrior hits you with a +0 long sword!
You shoot an arrow. The arrow hits the orc warrior!
You kill the orc warrior!
Okawaru accepts your kill.
You die...

..#...#.# #........ ##
#.###'### ... #.#$....#
.... #.#$..$.#
.....##o#.$_$.#
......y)#.....#
#.##@#...$.# ##
#....#######
...############).......
.......>........).....#
#............#######.#
#.####.#####.# #
###.#####.# #
#.)........ #)
#.#.#####.##


You could see a killer bee and an orc.

Vanquished Creatures
  Pikel (D:6)
  A hornet (D:8)
  Prince Ribbit (D:9)
  A shadow (D:6)
  3 yaks (D:8)
  A black bear (D:6)
  2 orc warriors
  An ice beast (D:6)
  2 ogres
  A lemure (D:7)
  A phantom (D:4)
  2 kobold brigands
  3 bullfrogs
  2 scorpions (D:6)
  9 wights (D:7)
  13 killer bees
  2 howler monkeys
  2 orc priests
  10 hounds
  5 jellies
  2 iguanas (D:5)
  3 sleepcaps
  5 orc wizards
  A gnoll (D:1)
  9 adders
  A shadow imp (D:7)
  A white imp (D:5)
  2 adder zombies (D:2)
  A worm (D:2)
  6 dart slugs
  13 orcs
  2 ball pythons
  2 bat skeletons (D:2)
  4 endoplasms
  4 giant cockroaches
  8 goblins
  9 hobgoblins
  A quokka (D:1)
  A ball python zombie (D:2)
  6 bats
  2 frilled lizards (D:1)
  A giant cockroach zombie (D:2)
  14 kobolds
  3 rats
164 creatures vanquished.

Notes
Turn   | Place    | Note
-------+----------+-------------------------------------------
     0 | D:1      | qw the Deep Elf Hunter began the quest for the Orb.
     0 | D:1      | Reached XP level 1. HP: 12/12 MP: 3/3
     0 | D:1      | 0 ||| qw: Version: 0.3-a-9-g12657ce
     0 | D:1      | 0 ||| qw: Game counter: 2580
     0 | D:1      | 0 ||| qw: Always use a shield: true
     0 | D:1      | 0 ||| qw: God list: Okawaru
     0 | D:1      | 0 ||| qw: Allow faded altars: false
     0 | D:1      | 0 ||| qw: Do Orc after D:15 true
     0 | D:1      | 0 ||| qw: Do second Lair branch before Depths: true
     0 | D:1      | 0 ||| qw: Lair rune preference: random
     0 | D:1      | 0 ||| qw: Plans: Normal
     0 | D:1      | 0 ||| PLANNING D:1-11
   125 | D:1      | Reached XP level 2. HP: 16/16 MP: 4/4
   126 | D:1      | Reached skill level 6 in Ranged Weapons
   409 | D:1      | Reached XP level 3. HP: 20/20 MP: 5/5
   623 | D:1      | 623 ||| UPGRADING to +0 ring mail.
   633 | D:1      | 633 ||| DROPPING +0 leather armour.
   634 | D:1      | 634 ||| UPGRADING to +0 cloak.
   639 | D:1      | 639 ||| READING 2 scrolls labelled HUNONN FASAESA.
   640 | D:1      | 640 ||| DROPPING scroll of butterflies.
   681 | D:2      | 681 ||| STAIRDANCE
   698 | D:2      | 698 ||| STAIRDANCE
   709 | D:2      | Reached skill level 7 in Ranged Weapons
   869 | D:2      | 869 ||| FLEEEEING.
   870 | D:2      | 870 ||| FLEEEEING.
   871 | D:2      | 871 ||| FLEEEEING.
   872 | D:2      | 872 ||| FLEEEEING.
   873 | D:2      | 873 ||| FLEEEEING.
   877 | D:2      | 877 ||| FLEEEEING.
  1001 | D:2      | Reached XP level 4. HP: 25/25 MP: 6/6
  1067 | D:2      | Found a faded altar of an unknown god.
  1437 | D:2      | 1437 ||| READING 2 scrolls labelled MILEUFEESK.
  1441 | D:2      | 1441 ||| READING scroll labelled NYDON HUIGEU.
  1442 | D:2      | 1442 ||| READING 5 scrolls of identify.
  1442 | D:2      | 1442 ||| IDENTIFYING brown potion
  1443 | D:2      | 1443 ||| DRINKING potion of experience.
  1443 | D:2      | Reached skill level 16 in Ranged Weapons
  1443 | D:2      | Reached XP level 5. HP: 29/29 MP: 7/7
  1444 | D:2      | 1444 ||| READING 4 scrolls of identify.
  1444 | D:2      | 1444 ||| IDENTIFYING white potion
  1445 | D:2      | 1445 ||| READING 3 scrolls of identify.
  1445 | D:2      | 1445 ||| IDENTIFYING smoky orange potion
  1446 | D:2      | 1446 ||| READING 2 scrolls of identify.
  1446 | D:2      | 1446 ||| IDENTIFYING black potion
  1447 | D:2      | 1447 ||| DROPPING potion of invisibility.
  2165 | D:3      | 2165 ||| DROPPING amulet of magic regeneration.
  2166 | D:3      | 2166 ||| UPGRADING to ring of see invisible.
  2167 | D:3      | 2167 ||| READING scroll labelled NOLADA ENI TIFAAG.
  2542 | D:4      | You fall into a shaft and drop 3 floors!
  2573 | D:7      | Reached XP level 6. HP: 35/35 MP: 8/8
  2578 | D:7      | Reached skill level 3 in Dodging
  2588 | D:7      | 2588 ||| UPGRADING to +0 pair of gloves.
  2593 | D:7      | 2593 ||| READING scroll labelled FIHIREMAED.
  2594 | D:7      | 2594 ||| READING scroll labelled MILAYS IDANAGI.
  2595 | D:7      | 2595 ||| READING 3 scrolls of identify.
  2595 | D:7      | 2595 ||| IDENTIFYING smoky amethyst potion
  2596 | D:7      | 2596 ||| READING 2 scrolls of identify.
  2596 | D:7      | 2596 ||| IDENTIFYING puce potion
  2597 | D:7      | 2597 ||| DROPPING potion of degeneration.
  2689 | D:5      | Entered Level 5 of the Dungeon
  2739 | D:5      | Reached skill level 1 in Armour
  2858 | D:5      | 2858 ||| FLEEEEING.
  2859 | D:5      | 2859 ||| FLEEEEING.
  2860 | D:5      | 2860 ||| FLEEEEING.
  2861 | D:5      | 2861 ||| STAIRDANCE
  2973 | D:4      | Reached XP level 7. HP: 24/40 MP: 9/9
  3070 | D:4      | Reached skill level 3 in Fighting
  3418 | D:4      | 3418 ||| UPGRADING to +4 ring of protection.
  3419 | D:4      | 3419 ||| READING 2 scrolls labelled OLIRELEOPT.
  3420 | D:4      | 3420 ||| READING 2 scrolls of identify.
  3420 | D:4      | 3420 ||| IDENTIFYING murky silvery potion
  3421 | D:4      | 3421 ||| DROPPING scroll of blinking.
  3422 | D:4      | 3422 ||| DROPPING potion of lignification.
  3482 | D:5      | Found a sacrificial altar of Ru.
  4013 | D:5      | 4013 ||| READING scroll labelled MIOMIM WETUTE.
  4014 | D:5      | 4014 ||| READING scroll labelled GUEQOT XUIR.
  4069 | D:6      | Reached XP level 8. HP: 43/47 MP: 10/10
  4084 | D:6      | Found a hide-covered altar of Uskayaw.
  4221 | D:6      | Found a staircase to the Ecumenical Temple.
  4222 | D:6      | 4222 ||| PLANNING TEMPLE
  4227 | Temple   | Entered the Ecumenical Temple
  4282 | Temple   | 4282 ||| PLANNING D:1-11
  4596 | D:6      | Reached skill level 6 in Dodging
  4856 | D:6      | Found a radiant altar of Vehumet.
  4856 | D:6      | Found an ancient bone altar of Kikubaaqudgha.
  4862 | D:6      | Found a shimmering altar of Xom.
  4865 | D:6      | Found a shimmering blue altar of Sif Muna.
  4867 | D:6      | Found a shadowy altar of Dithmenos.
  4872 | D:6      | Found an iron altar of Okawaru.
  4873 | D:6      | 4873 ||| PLANNING OKAWARU WORSHIP
  4873 | D:6      | 4873 ||| READING 2 scrolls of identify.
  4873 | D:6      | 4873 ||| IDENTIFYING bubbling coppery potion
  4878 | D:6      | Became a worshipper of Warmaster Okawaru
  4879 | D:6      | 4879 ||| PLANNING D:1-11
  4993 | D:7      | Noticed Pikel
  5028 | D:7      | HP: 10/48 [Pikel/+2 whip of flaming (3)]
  5029 | D:7      | 5029 ||| READING 5 scrolls of teleportation.
  5030 | D:7      | 5030 ||| DRINKING potion of heal wounds.
  5039 | D:7      | 5039 ||| FLEEEEING.
  5040 | D:7      | 5040 ||| FLEEEEING.
  5041 | D:7      | 5041 ||| FLEEEEING.
  5042 | D:7      | 5042 ||| FLEEEEING.
  5043 | D:7      | 5043 ||| FLEEEEING.
  5044 | D:7      | 5044 ||| STAIRDANCE
  5124 | D:7      | 5124 ||| STAIRDANCE
  5126 | D:6      | Killed Pikel
  5126 | D:6      | Reached * piety under Okawaru
  5127 | D:6      | Reached XP level 9. HP: 39/54 MP: 11/11
  5208 | D:7      | 5208 ||| Stepping ~*~*~tactically~*~*~ (outnumbered).
  5365 | D:7      | Reached skill level 1 in Invocations
  5366 | D:7      | 5366 ||| INVOKING Heroism.
  5367 | D:7      | 5367 ||| INVOKING Heroism.
  5376 | D:7      | HP: 12/48 [wight/+2 great sword (9)]
  5377 | D:7      | 5377 ||| READING 5 scrolls of teleportation.
  5629 | D:7      | 5629 ||| INVOKING Heroism.
  5638 | D:7      | HP: 11/46 [wight/+3 dire flail (5)]
  5639 | D:7      | 5639 ||| READING 4 scrolls of teleportation.
  5687 | D:7      | 5687 ||| INVOKING Heroism.
  6101 | D:7      | 6101 ||| UPGRADING to +2 ring mail of fire resistance.
  6111 | D:7      | 6111 ||| DROPPING +0 ring mail.
  6122 | D:8      | 6122 ||| PLANNING OSSUARY
  6146 | D:8      | Found a runed translucent gate.
  6146 | D:8      | Found a runed translucent gate.
  6146 | D:8      | Found a runed translucent gate.
  6147 | D:8      | Noticed qw's ghost (novice DEHu)
  6183 | D:8      | 6183 ||| INVOKING Heroism.
  6322 | D:8      | Found an ornate altar of the Wu Jian Council.
  6432 | D:8      | 6432 ||| Stepping ~*~*~tactically~*~*~ (outnumbered).
  6540 | D:8      | Reached skill level 3 in Invocations
  6546 | D:8      | 6546 ||| INVOKING Heroism.
  6670 | D:8      | 6670 ||| INVOKING Heroism.
  6677 | D:8      | HP: 13/54 [poisoned by a hornet]
  6678 | D:8      | 6678 ||| READING 3 scrolls of teleportation.
  6682 | D:8      | HP: 6/54 [poisoned by a hornet]
  6966 | D:8      | Found an opulent altar of Gozag.
  6967 | D:8      | 6967 ||| RIP OSSUARY
  6967 | D:8      | 6967 ||| PLANNING D:1-11
  7012 | D:8      | 7012 ||| INVOKING Heroism.
  7033 | D:8      | Reached XP level 10. HP: 16/60 MP: 13/15
  7033 | D:8      | HP: 12/60 [orc/+0 mace (4)]
  7033 | D:8      | HP: 5/60 [yak (7)]
  7034 | D:8      | 7034 ||| READING 2 scrolls of teleportation.
  7038 | D:8      | 7038 ||| FLEEEEING.
  7039 | D:8      | 7039 ||| FLEEEEING.
  7040 | D:8      | 7040 ||| FLEEEEING.
  7041 | D:8      | 7041 ||| FLEEEEING.
  7042 | D:8      | 7042 ||| FLEEEEING.
  7043 | D:8      | 7043 ||| FLEEEEING.
  7044 | D:8      | 7044 ||| FLEEEEING.
  7045 | D:8      | 7045 ||| FLEEEEING.
  7046 | D:8      | 7046 ||| FLEEEEING.
  7047 | D:8      | 7047 ||| FLEEEEING.
  7047 | D:8      | HP: 8/60 [orc/boomerang (1)]
  7048 | D:8      | 7048 ||| FLEEEEING.
  7049 | D:8      | 7049 ||| FLEEEEING.
  7050 | D:8      | 7050 ||| FLEEEEING.
  7051 | D:8      | 7051 ||| READING scroll of teleportation.
  7052 | D:8      | 7052 ||| INVOKING Heroism.
  7054 | D:8      | 7054 ||| Stepping ~*~*~tactically~*~*~ (outnumbered).
  7068 | D:8      | 7068 ||| FLEEEEING.
  7069 | D:8      | 7069 ||| FLEEEEING.
  7070 | D:8      | 7070 ||| FLEEEEING.
  7071 | D:8      | 7071 ||| FLEEEEING.
  7072 | D:8      | 7072 ||| FLEEEEING.
  7073 | D:8      | 7073 ||| FLEEEEING.
  7074 | D:8      | 7074 ||| FLEEEEING.
  7075 | D:8      | 7075 ||| FLEEEEING.
  7076 | D:8      | 7076 ||| FLEEEEING.
  7077 | D:8      | 7077 ||| FLEEEEING.
  7078 | D:8      | 7078 ||| STAIRDANCE
  7225 | D:7      | 7225 ||| READING scroll labelled UGIAZE ODUJAKK.
  7530 | D:8      | Reached skill level 6 in Fighting
  8412 | D:9      | Noticed Prince Ribbit
  8428 | D:9      | Killed Prince Ribbit
  8498 | D:9      | 8498 ||| Stepping ~*~*~tactically~*~*~ (outnumbered).
  8501 | D:9      | Reached skill level 3 in Armour
  8505 | D:9      | 8505 ||| Stepping ~*~*~tactically~*~*~ (outnumbered).
  8548 | D:9      | Found a broken altar of Ashenzari.
  8554 | D:9      | 8554 ||| READING scroll labelled VAQ KURRIAW.
  8576 | D:9      | HP: 15/60 [killer bee (6)]
  8577 | D:9      | 8577 ||| DRINKING 2 potions of heal wounds.
  8584 | D:9      | HP: 15/60 [orc warrior/+0 long sword (12)]
  8585 | D:9      | 8585 ||| DRINKING potion of heal wounds.
  8588 | D:9      | HP: 1/60 [orc warrior/+0 long sword (8)]
  8589 | D:9      | Succumbed to a killer bee's poison

Levels and vault maps discovered:
D:1:      ncdulo_wetmaze, layout_loops_ring, minmay_pentomino_q4
D:2:      layout_basic, shapermc_ecumenical_altar_totnotflames, serial_undead,
          serial_undead_b, serial_undead_c, serial_undead_c, serial_undead_a
D:3:      layout_loops_ring, chequers_serial_rivers_small_3
D:4:      layout_basic, kennysheep_generic_room_15
D:5:      layout_basic, nicolae_ru_awakened_eye
D:6:      layout_basic, lemuel_round_altar,
          nicolae_overflow_hallway_of_the_gods, minmay_temple_entry_nine_rooms
D:7:      layout_loops_cross, uniq_pikel
D:8:      layout_basic, grunt_gozag_statues, mainiacjoe_overflow_alcove_4,
          nicolae_ossuary_entry_plus, enter_bailey_3,
          gammafunk_ghost_nasty_kobolds
D:9:      layout_basic, amcnicky_altar_gilded, nicolae_tso_swordbearing_angel,
          david_lair_generic, uniq_prince_ribbit1
Temple:   zaba_magenta_temple

Skill      XL: |  1  2  3  4  5  6  7  8  9 10 |
---------------+-------------------------------+-----
Ranged Weapons | 6 7 16 | 16.1
Fighting       | 2 3 5 6 |  6.0
Dodging        | 3 5 6 8 |  8.2
Armour         | 1 2 3 |  3.1
Invocations    | 4 |  4.0
Stealth        | |  1.2

Action                     |  1- 3 |  4- 6 |  7- 9 | 10-12 || total
---------------------------+-------+-------+-------+-------++-------
   Fire: Shortbow          |   109 |   126 |   456 |   114 ||   805
 Invoke: Heroism           |       |       |     7 |     1 ||     8
    Use: Scroll            |     1 |    11 |     9 |     4 ||    25
         Potion            |       |     1 |     1 |     2 ||     4
 Armour: Leather armour    |     2 |       |       |       ||     2
         Ring mail         |     4 |    17 |    92 |    25 ||   138
  Dodge: Dodged            |    35 |    27 |   206 |    64 ||   332

Table legend:
 A = Non-vault XP
 B = Vault XP
 C = Vault XP percentage of total XP
 D = Non-vault monster count
 E = Vault monster count
 F = Vault count percentage of total count
                 A         B        C        D         E       F
            +---------+---------+-------+---------+---------+-------
      Total |    5599 |     909 |  14.0 |     148 |      15 |   9.2
            +---------+---------+-------+---------+---------+-------
        D:1 |      54 |       4 |   6.9 |      22 |       2 |   8.3
        D:2 |      34 |      18 |  34.6 |      15 |       6 |  28.6
        D:3 |      66 |       0 |   0.0 |       9 |       0 |   0.0
        D:4 |     397 |      13 |   3.2 |       9 |       1 |  10.0
        D:5 |     514 |       0 |   0.0 |      15 |       0 |   0.0
        D:6 |    1019 |     607 |  37.3 |      17 |       1 |   5.6
        D:7 |    1134 |       0 |   0.0 |      20 |       0 |   0.0
        D:8 |    1973 |       8 |   0.4 |      30 |       4 |  11.8
        D:9 |     408 |     259 |  38.8 |      11 |       1 |   8.3
            +---------+---------+-------+---------+---------+-------
